 Dungeon Crawl Stone Soup version 0.30-a0-390-g80c34de65d (webtiles) character file.

Game seed: 13153378056633084539

455 purpskrrrp the Conjurer (level 6, -1/41 HPs)
             Began as a Demonspawn Conjurer on Dec 4, 2022.
             Slain by Duvessa
             ... wielding a +0 short sword
              (7 damage)
             ... on level 5 of the Dungeon.
             The game lasted 00:09:04 (4713 turns).

purpskrrrp the Conjurer (Demonspawn Conjurer)       Turns: 4713, Time: 00:09:04

Health: -1/41      AC:  3    Str:  7    XL:     6   Next: 76%
Magic:  8/11       EV: 13    Int: 21    God:
Gold:   187        SH:  0    Dex: 12    Spells: 9/12 levels left

rFire   . . .      SeeInvis .    (no weapon)
rCold   . . .      Faith    .    (no shield)
rNeg    . . .      Spirit   .    a - +0 robe
rPois   .          Reflect  .    (no helmet)
rElec   .          Harm     .    (no cloak)
rCorr   .          Rampage  .    j - +0 pair of gloves
Will    .....                    (no boots)
Stlth   ++........               (no amulet)
HPRegen 0.26/turn                (no ring)
MPRegen 0.12/turn                (no ring)

@: no status effects
A: foul stench 1, spiny 1, demonic touch 2
a: no special abilities


You were on level 5 of the Dungeon.
You visited 1 branch of the dungeon, and saw 5 of its levels.

You collected 187 gold pieces.

Inventory:

Armour
 a - a +0 robe (worn)
 j - a +0 pair of gloves (worn)
Jewellery
 k - a ring of flight
Scrolls
 e - 4 scrolls of teleportation
 f - 2 scrolls of magic mapping
 h - a scroll of enchant weapon
 l - a scroll of blinking
Potions
 b - 2 potions of brilliance
 c - 3 potions of flight
 d - 2 potions of attraction
 g - 2 potions of heal wounds {unknown}
 i - 2 potions of curing {unknown}
 m - a potion of berserk rage {unknown}
 n - a potion of ambrosia {unknown}
 q - a potion of lignification {unknown}


   Skills:
 + Level 3.4 Dodging
 - Level 2.3 Stealth
 + Level 3.7 Spellcasting
 * Level 6.3 Conjurations


You had 9 spell levels left.
You knew the following spells:

 Your Spells              Type           Power      Damage    Failure   Level
a - Magic Dart            Conj           100%       1d8       1%          1
b - Searing Ray           Conj           60%        2d6       1%          2

Your spell library contained the following spells:

 Spells                   Type           Power      Damage    Failure   Level
 Dazzling Flash           Conj/Hex       34%        N/A       10%         3
 Slow                     Hex            12%        N/A       12%         1
 Fulminant Prism          Conj/Hex       8%         3d7       32%         4
 Iskenderun's Mystic Bla  Conj/Tloc      17%        2d5       32%         4
 Confusing Touch          Hex            3%         N/A       36%         3
 Frozen Ramparts          Ice            6%         1d1       36%         3
 Gell's Gravitas          Tloc           3%         N/A       36%         3
 Lesser Beckoning         Tloc           6%         N/A       36%         3
 Teleport Other           Tloc           3%         N/A       36%         3
 Vampiric Draining        Necr           3%         2d6       36%         3
 Ice Form                 Ice/Tmut       3%         N/A       77%         4
 Summon Ice Beast         Ice/Summ       3%         N/A       77%         4


Dungeon Overview and Level Annotations

Branches:
Dungeon (5/15)
 Temple: D:4-7

Altars:
Ashenzari
Wu Jian

Annotations:
D:3 1 runed translucent door, Crazy Yiuf
D:5 Duvessa


Innate Abilities, Weirdness & Mutations

You may rarely emit foul miasma when damaged in melee.
You are partially covered in sharp spines.
Your touch may inflict irresistible damage on your foes.


Message History

Dowan hits you with a +0 dagger.
The searing ray misses Dowan.
Casting: Searing Ray (safe; 1% risk of failure)
Confirm with . or Enter, or press ? or * to list all spells.
Aiming: Searing Ray (safe; 1% risk of failure)
Press: ? - help, Shift-Dir - straight line, f - Duvessa, p - Dowan
Aim: Duvessa, wielding a +0 short sword and wearing a +0 leather armour (lightly wounded, 82% to hit)
The searing ray hits Dowan.
Dowan is almost dead.
The searing ray hits Duvessa.
Duvessa is lightly wounded. (Press . to maintain the ray.) Dowan gestures wildly while chanting.
Dowan blinks!
The searing ray hits Duvessa but does no damage.
Duvessa is lightly wounded.
The searing ray hits Dowan.
Dowan is almost dead.
Duvessa hits you with a +0 short sword. Magic courses through your body.
Duvessa is struck by your spines. Duvessa hits you with a +0 short sword.
Casting: Searing Ray (safe; 1% risk of failure)
Confirm with . or Enter, or press ? or * to list all spells.
Aiming: Searing Ray (safe; 1% risk of failure)
Press: ? - help, Shift-Dir - straight line, f - Dowan, p - Duvessa
Aim: Dowan, wielding a +0 dagger and wearing a +0 robe (almost dead, 71% to hit)
The searing ray hits Duvessa but does no damage.
Duvessa is lightly wounded.
The searing ray hits Dowan.
You kill Dowan!
Duvessa screams in rage.
Duvessa goes berserk! (Press . to maintain the ray.) Duvessa hits you with a +0 short sword!
The searing ray hits Duvessa.
Duvessa is moderately wounded.
Duvessa is struck by your spines. Duvessa hits you with a +0 short sword!
* * * LOW HITPOINT WARNING * * *
Duvessa hits you with a +0 short sword!
You die...

..... ..
...# #. ....
.. ... .
!.#.#
####.#.##..#
#..$)......#
#e# #
####@#.##.##
#<..........
####.#######
#.# #.# #.#
#.# #.# ..#


You could see Duvessa (berserk).

Vanquished Creatures
  Eustachio (D:4)
  Dowan (D:5)
  A hound (D:4)
  A jelly (D:4)
  An orc priest (D:4)
  Terence (D:2)
  An orc wizard (D:3)
  4 adders
  An ufetubus (D:4)
  A worm (D:4)
  2 dart slugs
  6 orcs
  7 endoplasms
  6 giant cockroaches
  6 goblins
  8 hobgoblins
  3 jackals (D:1)
  3 kobolds
  7 quokkas
  11 ball pythons
  8 bats
  6 frilled lizards
  4 rats
90 creatures vanquished.

Notes
Turn   | Place    | Note
-------+----------+-------------------------------------------
     0 | D:1      | purpskrrrp the Demonspawn Conjurer began the quest for the
                  | Orb.
     0 | D:1      | Reached XP level 1. HP: 13/13 MP: 3/3
   223 | D:1      | Gained mutation: You may rarely emit foul miasma when
                  | damaged in melee. [demonic ancestry]
   223 | D:1      | Reached XP level 2. HP: 19/19 MP: 3/5
   560 | D:1      | Gained mutation: Your touch may inflict minor irresistible
                  | damage on your foes. [demonic ancestry]
   560 | D:1      | Reached XP level 3. HP: 19/24 MP: 1/6
  1571 | D:2      | Noticed Terence
  1584 | D:2      | Killed Terence
  1585 | D:2      | Gained mutation: You are partially covered in sharp spines.
                  | [demonic ancestry]
  1585 | D:2      | Reached XP level 4. HP: 19/30 MP: 0/8
  2477 | D:3      | Found a runed translucent door.
  2478 | D:3      | Noticed Crazy Yiuf
  2581 | D:3      | Reached skill level 5 in Conjurations
  2822 | D:3      | Reached XP level 5. HP: 35/35 MP: 3/9
  2872 | D:3      | Found a broken altar of Ashenzari.
  3103 | D:3      | Found an ornate altar of the Wu Jian Council.
  3110 | D:3      | Noticed a spectral centipede
  3110 | D:3      | Noticed a spectral black mamba
  3110 | D:3      | Noticed a spectral cane toad
  3609 | D:3      | Learned a level 2 spell: Searing Ray
  4243 | D:4      | Gained mutation: Your touch may inflict irresistible damage
                  | on your foes. [demonic ancestry]
  4243 | D:4      | Reached XP level 6. HP: 41/41 MP: 7/10
  4384 | D:4      | Noticed Eustachio
  4390 | D:4      | Killed Eustachio
  4391 | D:4      | Reached skill level 6 in Conjurations
  4695 | D:5      | Entered Level 5 of the Dungeon
  4700 | D:5      | Noticed Duvessa
  4700 | D:5      | Noticed Dowan
  4712 | D:5      | Killed Dowan
  4713 | D:5      | Slain by Duvessa

Illustrated notes

Levels and vault maps discovered:
D:1:      lightli_iron_boxes, layout_rooms
D:2:      layout_loops_ring, nicolae_concentric_dashed_squares_wild,
          uniq_terence
D:3:      layout_loops_ring, mainiacjoe_overflow_boulevard,
          pdpol_wu_jian_five_deadly_venoms,
          mainiacjoe_overflow_concentric_impassable, uniq_crazy_yiuf_cottage
D:4:      layout_loops_ring, uniq_eustachio
D:5:      minmay_chambers_of_threes, layout_loops_ring, lemuel_doored_altar,
          serial_shops, shop, uniq_duvessa, uniq_edmund, uniq_menkaure

Skill      XL: |  1  2  3  4  5  6 |
---------------+-------------------+-----
Stealth        | 2 |  2.3
Dodging        | 2 3 |  3.4
Conjurations   | 5 6 |  6.3
Spellcasting   | 3 |  3.7

Action                   |  1- 3 |  4- 6 || total
-------------------------+-------+-------++-------
Melee: Unarmed           |   100 |    29 ||   129
       Touch             |     3 |     3 ||     6
 Cast: Magic Dart        |    87 |    85 ||   172
       Searing Ray       |       |     6 ||     6
  Use: Potion            |     1 |     1 ||     2
       Scroll            |     2 |    10 ||    12
 Stab: Sleeping          |       |     1 ||     1
Armor: Robe              |    23 |     2 ||    25
Dodge: Dodged            |    79 |     9 ||    88

Table legend: (Time is in decaauts)
 A = Elapsed time spent in this place.
 B = Non-inter-level travel time spent in this place.
 C = Inter-level travel time spent in this place.
 D = Time resting spent in this place.
 E = Time spent auto-exploring this place.
 F = Levels seen in this place.
 G = Mean time per level.
                   A        B        C        D        E       F      G
               +--------+--------+--------+--------+--------+-----+--------+
         Total |   4712 |   4603 |    109 |    894 |   3159 |   5 |  942.4 |
       Dungeon |   4712 |   4603 |    109 |    894 |   3159 |   5 |  942.4 |
               +--------+--------+--------+--------+--------+-----+--------+

Top non-repeatable levels by time:
     D:2: 1442 daAuts
     D:3: 1244 daAuts
     D:1: 1016 daAuts
     D:4: 990 daAuts
     D:5: 17 daAuts
